 Dungeon Crawl Stone Soup version 0.27.0-65-ge2af304b15 (webtiles) character file.

Game seed: 17484108105704063165

15 Crownlay the Chopper (level 2, -2/26 HPs)
             Began as a Hill Orc Fighter on Aug 18, 2021.
             Succumbed to a goblin's poison
             ... on level 1 of the Dungeon.
             The game lasted 00:01:01 (271 turns).

Crownlay the Chopper (Hill Orc Fighter)              Turns: 271, Time: 00:01:02

Health: -2/26      AC:  6    Str: 18    XL:     2   Next: 50%
Magic:  2/2        EV:  9    Int:  8    God:
Gold:   105        SH:  0    Dex: 10    Spells: 1/1 levels left

rFire    . . .     SeeInvis .   a - +0 war axe
rCold    . . .     Faith    .   (no shield)
rNeg     . . .     Spirit   .   b - +0 scale mail
rPois    .         Reflect  .   (no helmet)
rElec    .         Harm     .   (no cloak)
rCorr    .         Rampage  .   (no gloves)
Will     .....                  (no boots)
Stlth    ..........             (no amulet)
HPRegen  0.08/turn              (no ring)
MPRegen  0.08/turn              (no ring)

@: lethally poisoned (-2 -> -22)
A: no striking features
a: no special abilities


You were on level 1 of the Dungeon.
You visited 1 branch of the dungeon, and saw 1 of its levels.

You collected 105 gold pieces.

Inventory:

Hand Weapons
 a - a +0 war axe (weapon)
Armour
 b - a +0 scale mail (worn)
 c - a +0 kite shield
Scrolls
 e - a scroll of fog {unknown}
Potions
 d - a potion of might


   Skills:
 - Level 3.6 Fighting
 + Level 4.1 Axes
 - Level 3.2 Armour
 - Level 3.2 Shields


You had one spell level left.
You didn't know any spells.
Your spell library was empty.

Dungeon Overview and Level Annotations

Branches:
Dungeon (1/15)

Altars:

Shops:
D:1 *(


Message History

Your Axes skill increases to level 4!
No target in view!
No target in view!
No target in view!
There is an entrance to Alypn's Antique Weapon Boutique here.
Found a stone staircase leading down.
A goblin comes into view. It is wielding a +0 dagger of venom.
The goblin shouts!
A rat comes into view.
Found 16 gold pieces.
There is a stone staircase leading down here.
The goblin hits you but does no damage.
You are poisoned.
You barely miss the goblin. You closely miss the rat.
You feel very sick.
The goblin hits you with a +0 dagger of venom.
You are more poisoned.
The rat bites you.
You completely miss the goblin. You hit the rat.
You kill the rat!
You feel very sick. The goblin hits you but does no damage.
You are lethally poisoned!
The goblin hits you but does no damage.
You are more poisoned.
You hit the goblin.
The goblin is heavily wounded.
You feel extremely sick. The goblin hits you but does no damage.
You are more poisoned.
You barely miss the goblin.
The goblin is heavily wounded.
* * * LOW HITPOINT WARNING * * *
You feel extremely sick. The goblin barely misses you.
Okay, then.
Okay, then.
You barely miss the goblin.
The goblin is heavily wounded.
You die...

############
...........###
########.....# .
#####.....##. ####
#......∩..... #....
#.###.....#.. ##.$..# #.#
#.......#
.......#####.#####....##
......g@.>.......##.##.#
......†###.......##.# ..
##....# #.#.###.##.##.#
#.... #.#.>.........#
##.#. #........#.####
#.#.# #.#####.......#
#.#.# ##.#####........
####.#.###........#(....#
............# ###...(...#


You could see a goblin.

Vanquished Creatures
  2 dart slugs (D:1)
  An endoplasm (D:1)
  A hobgoblin (D:1)
  A kobold (D:1)
  A bat (D:1)
  2 frilled lizards (D:1)
  5 rats (D:1)
13 creatures vanquished.

Vanquished Creatures (others)
  4 toadstools (D:1)
4 creatures vanquished.

Grand Total: 17 creatures vanquished

Notes
Turn   | Place    | Note
-------+----------+-------------------------------------------
     0 | D:1      | Crownlay the Hill Orc Fighter began the quest for the Orb.
     0 | D:1      | Reached XP level 1. HP: 19/19 MP: 1/1
    13 | D:1      | Found Effikk's General Store.
    21 | D:1      | Reached skill level 3 in Axes
   142 | D:1      | Reached XP level 2. HP: 25/26 MP: 2/2
   224 | D:1      | Found Alypn's Antique Weapon Boutique.
   232 | D:1      | Reached skill level 4 in Axes
   271 | D:1      | Succumbed to a goblin's poison

Illustrated notes

Levels and vault maps discovered:
D:1:      ldierk_walled_garden_2, layout_loops_ring,
          dilly_ecumenical_altar_fadedgnrine, serial_shops, shop, shop,
          nicolae_shop_crystal, shop_coins, nicolae_diamond_shop,
          minmay_rat_gold_closets

Skill      XL: |  1  2 |
---------------+-------+-----
Axes           | 3 4 |  4.1
Fighting       | |  3.6
Armour         | |  3.2
Shields        | |  3.2

Action                   || total
-------------------------++-------
Melee: War axe           ||    22
Armor: Scale mail        ||    10
Dodge: Dodged            ||     9
